 Dungeon Crawl Stone Soup version 0.14-a0-2737-gb10a4c8 (webtiles) character file.

3362 HollowCharge the Cloud Mage (level 9, -10/45 HPs)
             Began as a Tengu Air Elementalist on Feb 20, 2014.
             Was an Elder of Sif Muna.
             Mangled by a wyvern (14 damage)
             ... on Level 8 of the Dungeon on Feb 21, 2014.
             The game lasted 00:48:02 (8991 turns).

HollowCharge the Cloud Mage (TeAE)                  Turns: 8991, Time: 00:48:02

HP -10/45        AC  9     Str  9      XL: 9   Next: 82%
MP   5/25        EV  8     Int 19      God: Sif Muna [****..]
Gold 387         SH  7     Dex 14      Spells:  5 memorised,  9 levels left

rFire  + . .     SeeInvis .     t - +4,+2 spear (venom)
rCold  . . .     Clarity  .     s - +3 ring mail {rF+}
rNeg   . . .     Conserve .     y - +0 buckler
rPois  .         rCorr    .     (helmet restricted)
rElec  .         rRot     .     (no cloak)
SustAb . .       Spirit   .     l - +0 pair of gloves
rMut   .         Warding  .     (boots unavailable)
Saprov . . .     Stasis   .     (no amulet)
MR     .....                    u - ring of sustenance
                                z - cursed ring of wizardry

@: very slightly contaminated, very quick, not resistant to hostile
enchantments, unstealthy
A: able to fly, beak, talons 3
a: Fly, Channel Energy, Forget Spell, Renounce Religion


You were on level 8 of the Dungeon.
You worshipped Sif Muna.
Sif Muna was greatly pleased with you.
You were very hungry.

You visited 2 branches of the dungeon, and saw 9 of its levels.

You collected 387 gold pieces.

Inventory:

Hand weapons
 n - a +2,+3 short sword
 t - a +4,+2 spear of venom (weapon)
 w - a +1,+0 spear of piercing
Missiles
 a - a throwing net (quivered)
Armour
 l - a +0 pair of gloves (worn)
 o - a +1 ring mail of poison resistance
 s - a +3 ring mail of fire resistance (worn)
 y - a +0 buckler (worn)
Magical devices
 F - a wand of enslavement (8) {unknown}
Comestibles
 c - 2 bread rations
 h - 3 meat rations
 m - 2 chokos
 v - 2 chunks of gnoll flesh
 x - 2 cheeses
 I - 5 grapes
 J - a rambutan
Scrolls
 e - 3 scrolls of magic mapping
 j - a scroll of blinking
 r - 8 scrolls of remove curse
 E - a scroll of identify
Jewellery
 u - a ring of sustenance (right hand)
 z - a cursed ring of wizardry (left hand)
Potions
 g - 6 potions of curing
 i - a potion of beneficial mutation {unknown}
 k - 4 potions of speed
 p - 2 potions of invisibility
 q - 2 potions of brilliance
 A - a potion of mutation {unknown}
 B - 2 potions of might {unknown}
 C - a potion of berserk rage {unknown}
 D - a potion of restore abilities {unknown}
 G - 2 potions of flight {unknown}
Books
 b - a book of Air

   Spells                             Type                      Level
   *Shock                             Conjuration/Air              1
   *Swiftness                         Charms/Air                   2
   *Repel Missiles                    Charms/Air                   2
   Flight                             Charms/Air                   3
   *Static Discharge                  Conjuration/Air              3
   *Lightning Bolt                    Conjuration/Air              5
 f - a book of Changes

   Spells                             Type                      Level
   Beastly Appendage                  Transmutation                1
   Sticks to Snakes                   Transmutation                2
   Spider Form                        Transmutation/Poison         3
   Ice Form                           Ice/Transmutation            4
   Blade Hands                        Transmutation                5
 H - a book of Necromancy

   Spells                             Type                      Level
   Pain                               Necromancy                   1
   Animate Skeleton                   Necromancy                   1
   Lethal Infusion                    Charms/Necromancy            2
   Vampiric Draining                  Necromancy                   3
   Regeneration                       Charms/Necromancy            3
   Animate Dead                       Necromancy                   4
   Control Undead                     Necromancy                   4


   Skills:
 - Level 2.1 Dodging
 - Level 2.0 Stealth
 + Level 7.1 Spellcasting
 + Level 10.2 Conjurations
 + Level 10.8 Air Magic


You had 9 spell levels left.
You knew the following spells:

 Your Spells              Type           Power        Failure   Level  Hunger
a - Shock                 Conj/Air       ####         1%          1    None
b - Swiftness             Chrm/Air       ####....     4%          2    None
c - Repel Missiles        Chrm/Air       ####..       4%          2    None
d - Static Discharge      Conj/Air       #####...     1%          3    ##.....
e - Lightning Bolt        Conj/Air       #####.....   9%          5    #####..


Dungeon Overview and Level Annotations

Branches:
Dungeon (8/16)             Temple (1/1) D:5
   Lair: D:8-11

Altars:
Ashenzari
Cheibriados
Dithmenos
Elyvilon
Kikubaaqudgha
Makhleb
Nemelex Xobeh
Okawaru
Sif Muna
Trog
Vehumet
Xom
Yredelemnul
Zin
The Shining One


Innate Abilities, Weirdness & Mutations

You can fly.
You have a beak for a mouth.
You have claws for feet.


Message History

The wyvern completely misses you.
The orc priest utters an invocation to Beogh.
You feel a wave of unholy energy pass over you.
You see here a scale mail.
The wyvern barely misses you.
Things that are here:
an orc skeleton an orcish dagger The wyvern closely misses you.
Casting: Lightning Bolt
Confirm with . or Enter, or press ? or * to list all spells.
You feel quick. The wyvern bites you.
* * * LOW HITPOINT WARNING * * *
You see here an arrow.
The wyvern bites you.
* * * LOW HITPOINT WARNING * * *
You see here an arrow.
You see here a rotting necrophage corpse.
The wyvern bites you!
You die...

#.......## ####z..##
#######z## .....##.#######
.....##.#.....#
..#..##.#(###)############
#....)z.#.###.#..........#
..#.z####[#..............#
#.#..# #(#.#%#D@........#
.....####.#%#.#...<......#
....###.(....)#............
..### #z###.#.#.......###.
### #.# #.#)#.......# # #.#
#.#.###.##### # #z# .....
..# #######%##..#.# ...
.z....#o(...#.##...


You could see a wyvern.

Vanquished Creatures
  The ghost of hurdos the Reanimator, an experienced HuNe of Vehumet (D:8)
  A hungry ghost (D:6)
  A necrophage (D:8)
  An orc warrior (D:7)
  An ice beast (D:6)
  2 phantoms
  3 centaurs
  2 ogres
  Duvessa (D:8)
  A gnoll sergeant (D:8)
  A giant frog (D:8)
  A yak zombie (D:5)
  8 wights
  A hippogriff zombie (D:7)
  A goliath beetle (D:6)
  A hippogriff skeleton (D:5)
  Dowan (D:8)
  2 crimson imps (D:7)
  A jelly (D:6)
  3 orc wizards (D:7)
  A hound (D:5)
  3 scorpions
  3 iguanas
  Terence (D:3)
  10 gnolls
  An orc zombie (D:6)
  3 green rats (D:3)
  8 adders
  A giant mite (D:6)
  An adder skeleton (D:5)
  4 giant geckos
  An ooze (D:4)
  14 orcs
  2 ball pythons
  12 bats
  13 hobgoblins
  5 quokkas
  2 giant cockroaches
  3 giant newts
  12 goblins
  6 jackals
  17 kobolds
  A kobold skeleton (D:6)
  7 rats
  A rat skeleton (D:5)
166 creatures vanquished.

Notes
Turn   | Place    | Note
--------------------------------------------------------------
     0 | D:1      | HollowCharge, the Tengu Air Elementalist, began the quest for the Orb.
     0 | D:1      | Reached XP level 1. HP: 10/10 MP: 3/3
   304 | D:1      | Reached XP level 2. HP: 15/15 MP: 5/5
   317 | D:1      | Learned a level 2 spell: Swiftness
  1203 | D:2      | Reached XP level 3. HP: 16/19 MP: 7/7
  1504 | D:2      | Learned a level 2 spell: Repel Missiles
  1513 | D:2      | Reached skill level 5 in Air Magic
  1724 | D:2      | Reached XP level 4. HP: 13/24 MP: 9/9
  2607 | D:3      | Noticed Terence
  2665 | D:3      | Killed Terence
  2665 | D:3      | Reached XP level 5. HP: 21/28 MP: 3/13
  3342 | D:4      | Learned a level 3 spell: Static Discharge
  3367 | D:4      | Upgraded the game from 0.14-a0-2730-g72a2965 to 0.14-a0-2737-gb10a4c8
  3530 | D:4      | Reached skill level 6 in Air Magic
  3530 | D:4      | Reached XP level 6. HP: 32/32 MP: 12/15
  3568 | D:4      | Noticed a phantom
  3600 | D:4      | Killed a phantom
  3931 | D:4      | Reached skill level 5 in Conjurations
  4224 | D:5      | Entered Level 5 of the Dungeon
  4224 | D:5      | Found a staircase to the Ecumenical Temple.
  4252 | Temple   | Entered the Ecumenical Temple
  4604 | Temple   | Became a worshipper of Sif Muna the Loreminder
  4844 | D:5      | Reached XP level 7. HP: 25/36 MP: 6/18
  5097 | D:5      | Reached skill level 7 in Air Magic
  5839 | D:6      | Acquired Sif Muna's first power
  6434 | D:6      | Reached XP level 8. HP: 11/41 MP: 13/21
  6753 | D:7      | Reached skill level 8 in Air Magic
  6764 | D:7      | Reached skill level 5 in Spellcasting
  6930 | D:7      | Learned a level 5 spell: Lightning Bolt
  7149 | D:7      | Acquired Sif Muna's second power
  7542 | D:6      | Reached skill level 9 in Air Magic
  7966 | D:7      | Reached XP level 9. HP: 45/45 MP: 19/23
  8277 | D:7      | Found a sparkling altar of Nemelex Xobeh.
  8379 | D:8      | Noticed Duvessa
  8516 | D:8      | Killed Duvessa
  8516 | D:8      | Reached skill level 10 in Air Magic
  8519 | D:8      | Noticed Dowan
  8520 | D:8      | Killed Dowan
  8717 | D:8      | Noticed hurdos' ghost (experienced HuNe)
  8727 | D:8      | Killed hurdos' ghost
  8727 | D:8      | Acquired Sif Muna's third power
  8727 | D:8      | Reached skill level 10 in Conjurations
  8991 | D:8      | Mangled by a wyvern

Action                   |  1- 3 |  4- 6 |  7- 9 || total
-------------------------+-------+-------+-------++-------
Melee: Unarmed           |     6 |       |       ||     6
       Short sword       |    33 |     4 |       ||    37
       Dagger            |     9 |       |       ||     9
       Spear             |       |    33 |    31 ||    64
 Cast: Shock             |    33 |   128 |   227 ||   388
       Swiftness         |       |       |     4 ||     4
       Lightning Bolt    |       |       |    25 ||    25
  Use: Scroll            |     6 |     7 |     7 ||    20
 Stab: Sleeping          |     1 |       |       ||     1
